 Dungeon Crawl Stone Soup version 0.20.0-4-g10b340a (webtiles) character file.

23 Monsterracer the Ruffian (level 2, -1/25 HPs)
             Began as a Naga Transmuter on May 27, 2017.
             Slain by a kobold
             ... wielding a +0 hand axe
              (5 damage)
             ... on level 1 of the Dungeon.
             The game lasted 00:01:27 (611 turns).

Monsterracer the Ruffian (Naga Transmuter)           Turns: 611, Time: 00:01:27

Health: -1/25      AC:  1    Str: 12    XL:     2   Next: 95%
Magic:  5/5        EV: 10    Int: 13    God:
Gold:   62         SH:  0    Dex: 11    Spells: 2/5 levels left

rFire    . . .     SeeInvis +     - Unarmed
rCold    . . .     Gourm    .   (no shield)
rNeg     + . .     Faith    .   b - +0 robe
rPois    +         Spirit   .   (no helmet)
rElec    .         Reflect  .   (no cloak)
rCorr    .         Harm     .   (no gloves)
MR       .....                  (no barding)
Stlth    +.........             (no amulet)
Regen    0.1/turn               h - ring of positive energy
MPRegen  0.1/turn               j - -2 ring of slaying (curse)

@: appendage (expiring), very slow
A: horns 2, see invisible, deformed body, poison resistance, slowness 2, slow
metabolism 1, spit poison 1, AC +0
a: Spit Poison, End Transformation


You were on level 1 of the Dungeon.
You were not hungry.
You had grown temporary horns.
You visited 1 branch of the dungeon, and saw 1 of its levels.

You collected 62 gold pieces.

Inventory:

Missiles
 a - 12 arrows
Armour
 b - a +0 robe (worn)
 e - a cursed +0 ring mail
Jewellery
 h - a ring of positive energy (left hand)
 j - a cursed -2 ring of slaying (right hand)
Potions
 f - 2 potions of brilliance
Books
 c - a book of Changes

   Spells                             Type                      Level
   a - Beastly Appendage              Transmutation                1
   b - Sticks to Snakes               Transmutation                2
   c - Spider Form                    Transmutation/Poison         3
   d - Ice Form                       Ice/Transmutation            4
   e - Blade Hands                    Transmutation                5
Comestibles
 d - a bread ration
 g - 2 royal jellies


   Skills:
 - Level 1.0 Fighting
 - Level 1.5 Dodging
 * Level 4.0 Unarmed Combat
 - Level 2.0 Spellcasting
 - Level 2.0 Transmutations


You had 2 spell levels left.
You knew the following spells:

 Your Spells              Type           Power        Failure   Level  Hunger
a - Beastly Appendage     Tmut           #.....       11%         1    ##.....
b - Sticks to Snakes      Tmut           #.......     17%         2    ###....


Dungeon Overview and Level Annotations

Branches:
Dungeon (1/15)

Altars:


Innate Abilities, Weirdness & Mutations

You cannot wear boots.
Your serpentine skin is tough. (AC +0)
You have supernaturally acute eyesight. (SInv)
Armour fits poorly on your strangely shaped body.
Your system is resistant to poisons. (rPois)
You cover ground very slowly.
You have a slow metabolism.
You can spit poison.
You have a pair of horns on your head.


Message History

The kobold throws a stone.
The stone completely misses you.
The kobold throws a stone.
The stone hits you. The kobold barely misses you.
The kobold hits you with a dagger.
Items here: ) ††† an enchanted dagger; a giant cockroach corpse x2; a kobold corpse You hit the kobold.
You kill the kobold!
The kobold misses you.
You barely miss the kobold. The kobold misses you.
You closely miss the kobold. The kobold barely misses you.
You closely miss the kobold. The kobold hits you with a hand axe.
Your magical contamination has completely faded away.
You hit the kobold but do no damage.
You headbutt the kobold, but do no damage.
You hit the kobold but do no damage. The kobold hits you with a hand axe.
* * * LOW HITPOINT WARNING * * *
You hit the kobold.
The kobold is moderately wounded.
The kobold hits you with a hand axe.
You die...

.. #... #.......
rr #... # #.......
s##.. .# #.......
.#.. .#####.......
..##.##....(......
#....##.###.......
########.# #.#
#.......
.......K)# #.#
#.......
########@# #.#
#....... #(# #.#
#....... #.#####.#
######## #.......#
#########


You could see a kobold.

Vanquished Creatures
  An ooze (D:1)
  3 giant cockroaches (D:1)
  A goblin (D:1)
  A hobgoblin (D:1)
  A bat (D:1)
  5 frilled lizards (D:1)
  5 kobolds (D:1)
  3 rats (D:1)
20 creatures vanquished.

Notes
Turn   | Place    | Note
-------+----------+-------------------------------------------
     0 | D:1      | Monsterracer the Naga Transmuter began the quest for the Orb.
     0 | D:1      | Reached XP level 1. HP: 18/18 MP: 3/3
   353 | D:1      | Reached XP level 2. HP: 19/25 MP: 3/5
   361 | D:1      | Learned a level 2 spell: Sticks to Snakes
   597 | D:1      | Reached skill level 4 in Unarmed Combat
   611 | D:1      | Slain by a kobold

Skill      XL: |  1  2 |
---------------+-------+-----
Unarmed Combat | 4 |  4.0
Fighting       | |  1.0
Dodging        | |  1.5
Spellcasting   | |  2.0
Transmutations | |  2.0

Action                   || total
-------------------------++-------
Melee: Unarmed           ||    67
       Headbutt          ||     5
 Cast: Beastly Appendage ||     6
 Abil: Spit Poison       ||     1
  Use: Potion            ||     2
       Scroll            ||     1
 Stab: Sleeping          ||     1
Armor: Robe              ||     5
Dodge: Dodged            ||    32
